 Dungeon Crawl Stone Soup version 0.27.1-2-g3b301248ec (webtiles) character file.

Game seed: 17495247146338821063

60 Gaust the Grasshopper (level 3, -1/27 HPs)
             Began as a Demonspawn Warper on Sept 27, 2021.
             Slain by an adder (2 damage)
             ... on level 2 of the Dungeon.
             The game lasted 00:14:24 (1990 turns).

Gaust the Grasshopper (Demonspawn Warper)           Turns: 1990, Time: 00:14:24

Health: -1/27      AC:  5    Str: 12    XL:     3   Next: 80%
Magic:  6/6        EV: 11    Int: 14    God:
Gold:   40         SH:  0    Dex: 12    Spells: 7/7 levels left

rFire    . . .     SeeInvis .   a - +0 mace
rCold    . . .     Faith    .   (no shield)
rNeg     . . .     Spirit   .   b - +0 leather armour
rPois    .         Reflect  .   (helmet restricted)
rElec    .         Harm     .   (no cloak)
rCorr    .         Rampage  .   f - +1 pair of gloves
Will     .....                  (no boots)
Stlth    +.........             (no amulet)
HPRegen  0.09/turn              (no ring)
MPRegen  0.10/turn              (no ring)

@: lethally poisoned (-1 -> -5)
A: horns 1
a: no special abilities


You were on level 2 of the Dungeon.
You visited 1 branch of the dungeon, and saw 2 of its levels.

You collected 40 gold pieces.

Inventory:

Hand Weapons
 a - a +0 mace (weapon)
Missiles
 d - 5 boomerangs of dispersal (quivered)
 o - 22 sling bullets
Armour
 b - a +0 leather armour (worn)
 f - a +1 pair of gloves (worn)
Magical Staves
 g - a staff of fire
 i - a staff of cold
Scrolls
 c - a scroll of blinking
 e - 2 scrolls of fog {unknown}
 h - a scroll of torment {unknown}
 m - a scroll of enchant armour {unknown}
Potions
 j - a potion of haste {unknown}
 k - a potion of magic {unknown}
 n - a potion of brilliance {unknown}


   Skills:
 + Level 2.0 Fighting
 + Level 2.4 Maces & Flails
 + Level 0.8 Throwing
 + Level 1.4 Armour
 - Level 1.7 Dodging
 * Level 2.5 Spellcasting
 * Level 3.3 Translocations


You had 7 spell levels left.
You didn't know any spells.
Your spell library contained the following spells:

 Spells                   Type           Power      Damage    Failure   Level
 Blink                    Tloc           N/A        N/A       11%         2
 Gell's Gravitas          Tloc           5%         N/A       22%         3
 Lesser Beckoning         Tloc           5%         N/A       22%         3
 Teleport Other           Tloc           11%        N/A       22%         3
 Manifold Assault         Tloc           11%        N/A       90%         5
 Dispersal                Tloc           5%         N/A       100%        6


Dungeon Overview and Level Annotations

Branches:
Dungeon (2/15)

Altars:


Innate Abilities, Weirdness & Mutations

You have a pair of small horns on your head.


Message History

You miss the adder.
The adder is heavily wounded.
The adder bites you but does no damage.
You closely miss the adder.
The adder is heavily wounded.
The adder bites you. The adder barely misses you.
You miss the adder.
The adder is heavily wounded.
The adder bites you. The adder bites you but does no damage.
You miss the adder.
The adder is heavily wounded.
The adder bites you.
You are poisoned.
The adder poisons you!
You miss the adder.
The adder is heavily wounded.
You feel sick. The adder misses you. The adder bites you.
You are more poisoned.
The adder poisons you!
You closely miss the adder.
The adder is heavily wounded.
You feel very sick. The adder bites you.
You are lethally poisoned!
The adder poisons you! The adder bites you but does no damage.
You miss the adder.
The adder is heavily wounded.
* * * LOW HITPOINT WARNING * * *
You feel very sick. The adder barely misses you.
You hit the adder but do no damage. Your headbutt misses the adder.
The adder is heavily wounded.
* * * LOW HITPOINT WARNING * * *
You feel very sick. The adder bites you but does no damage.
The adder barely misses you.
You hit the adder.
The adder is severely wounded.
* * * LOW HITPOINT WARNING * * *
You feel sick. The adder bites you but does no damage. The adder bites you.
You die...

#.# #.#
#.# #.#
#.# #.#
##.######
#.@.....#
#.S.....#
#†......#
#<......#
#.......#
#.......#
#.(.....#
####(####
.#


You could see an adder.

Vanquished Creatures
  An adder (D:2)
  A worm (D:2)
  A dart slug (D:1)
  A ball python (D:1)
  3 bats (D:1)
  5 endoplasms (D:1)
  3 giant cockroaches (D:1)
  3 goblins (D:1)
  2 hobgoblins
  12 jackals (D:1)
  A quokka (D:1)
  2 frilled lizards (D:1)
  2 kobolds (D:1)
  A rat (D:1)
38 creatures vanquished.

Notes
Turn   | Place    | Note
-------+----------+-------------------------------------------
     0 | D:1      | Gaust the Demonspawn Warper began the quest for the Orb.
     0 | D:1      | Reached XP level 1. HP: 16/16 MP: 3/3
   421 | D:1      | Reached skill level 3 in Translocations
   421 | D:1      | Gained mutation: You have a pair of small horns on your
                  | head. [demonic ancestry]
   421 | D:1      | Reached XP level 2. HP: 4/22 MP: 5/5
   424 | D:1      | HP: 1/22 [constriction (1)]
   427 | D:1      | Reached skill level 1 in Armour
  1103 | D:1      | Reached XP level 3. HP: 27/27 MP: 6/6
  1990 | D:2      | HP: 1/27 [poisoned by an adder]
  1990 | D:2      | Slain by an adder

Illustrated notes

Levels and vault maps discovered:
D:1:      dpeg_arrival_boxorama, layout_loops_ring, minmay_heptomino_l4
D:2:      layout_loops_ring, hellmonk_ecumenical_altar_blasted

Skill      XL: |  1  2  3 |
---------------+----------+-----
Translocations | 3 |  3.3
Armour         | 1 |  1.4
Maces & Flails | 2 |  2.4
Fighting       | |  2.0
Throwing       | |  0.8
Dodging        | |  1.7
Spellcasting   | |  2.5

Action                   || total
-------------------------++-------
Melee: Mace              ||   115
       Headbutt          ||    13
Throw: Javelin           ||     6
 Stab: Sleeping          ||     1
Armor: Leather armour    ||    52
Dodge: Dodged            ||    94
